 Dungeon Crawl Stone Soup version 0.30-a0-860-g512cf1e979 (webtiles) character file.

Game seed: 11884250759943180730

4287 jasper the Cleaver (level 10, -2/110 HPs)
             Began as an Ogre Fighter on Mar 7, 2023.
             Was a Believer of Okawaru.
             Collided with a rock wall (15 damage)
             ... caused by Erica
             ... on level 8 of the Dungeon.
             The game lasted 00:19:06 (10191 turns).

jasper the Cleaver (Ogre Fighter)                  Turns: 10191, Time: 00:19:07

Health: -2/110     AC:  5    Str: 22    XL:     10   Next: 32%
Magic:  10/12      EV: 11    Int:  9    God:    Okawaru [**....]
Gold:   658        SH: 13    Dex: 12    Spells: 9/9 levels left

rFire   . . .      SeeInvis .    a - +1 war axe
rCold   . . .      Faith    .    c - +1 kite shield
rNeg    . . .      Spirit   .    n - +2 robe {Archmagi}
rPois   .          Reflect  .    (helmet restricted)
rElec   .          Rampage  .    A - scarf {shadows}
rCorr   .          Archmagi +    (gloves unavailable)
Will    +....                    (boots unavailable)
Stlth   +++                      (no amulet)
HPRegen 0.38/turn                w - +4 ring of slaying
MPRegen 0.13/turn                d - ring of flight

@: heroic, flying
A: large, unfitting armour, tough skin 1
a: Renounce Religion, Heroism


You were on level 8 of the Dungeon.
You worshipped Okawaru.
Okawaru was pleased with you.
You visited 2 branches of the dungeon, and saw 9 of its levels.

You collected 1088 gold pieces.
You spent 430 gold pieces at shops.

Inventory:

Hand Weapons
 a - a +1 war axe (weapon)
 h - a +0 whip of draining
 m - a +0 battleaxe
 v - a +0 hand axe
 z - a +0 giant spiked club
 C - a +0 heavy trident
Missiles
 e - 45 stones
 g - 19 poisoned darts
 i - 2 boomerangs (quivered)
 D - 2 curare-tipped darts
Armour
 b - a +0 robe
 c - a +1 kite shield (worn)
 n - a +2 robe of the Archmagi (worn)
 A - a scarf of shadows (worn)
Jewellery
 d - a ring of flight (right hand)
 w - a +4 ring of slaying (left hand)
Wands
 s - a wand of paralysis (16)
 y - a wand of iceblast (4)
 E - a wand of flame (20)
Scrolls
 j - a scroll of immolation
 t - a scroll of vulnerability
 x - a scroll of teleportation
 B - 2 scrolls of identify
 F - a scroll of enchant weapon
Potions
 f - 2 potions of invisibility
 k - 2 potions of flight
 l - a potion of brilliance
 o - a potion of mutation
 q - 2 potions of haste


   Skills:
 + Level 10.0(15.0) Fighting
 * Level 10.2(15.2) Axes
 - Level 3.0(8.0) Throwing
 - Level 2.6(7.6) Dodging
 + Level 7.7(12.7) Shields
 - Level 3.0 Invocations


You had 9 spell levels left.
You didn't know any spells.
Your spell library contained the following spells:

 Spells                   Type           Power      Damage    Failure   Level
 Beastly Appendage        Tmut           0%         N/A       56%         1
 Freeze                   Ice            0%         1d3       56%         1
 Wereblood                Tmut           0%         N/A       71%         2
 Dazzling Flash           Conj/Hex       0%         N/A       90%         3
 Frozen Ramparts          Ice            0%         1d1       90%         3
 Hailstorm                Conj/Ice       0%         3d3       90%         3
 Ignite Poison            Fire/Tmut/Pois 0%         N/A       90%         3
 Kindle Blastsparks       Fire/Tloc/Air  0%         2d10      90%         3
 Spider Form              Tmut/Pois      0%         N/A       90%         3
 Iskenderun's Mystic Bla  Conj/Tloc      0%         2d3       100%        4
 Freezing Cloud           Conj/Ice/Air   0%         6-21      100%        5
 Starburst                Conj/Fire      0%         6d3       100%        6


Dungeon Overview and Level Annotations

Branches:
Dungeon (8/15)             Temple (1/1) D:6            Lair (0/5) D:8

Altars:
Cheibriados
Dithmenos
Elyvilon
Fedhas
Hepliaklqana
Kikubaaqudgha
Makhleb
Nemelex Xobeh
Okawaru
Qazlal
Ru
Sif Muna
Trog
Uskayaw
Vehumet
Wu Jian
Yredelemnul
Zin
The Shining One

Shops:
D:2 *   D:6 *

Annotations:
D:8 Erica
Temple 2 transporters


Innate Abilities, Weirdness & Mutations

You are too large for most types of armour.
You have tough skin. (AC +1)


Message History

Okawaru accepts your kill.
A wolf comes into view.
The wolf moves out of view.
You start resting.
Magic restored.
MP restored: 12 You start resting.
You feel like a meek peon again.
You regained 3 hp, and now have 42/110 hp.
You start resting.
Erica is nearby!
You regained 24 hp, and now have 66/110 hp.
You gain the combat prowess of a mighty hero.
Erica shouts!
Erica hits you with a +4 scimitar of flaming!
Erica burns you.
You take 15 damage, and have 51/110 hp.
You now have 10/12 mp.
You slice Erica!!
Erica is moderately wounded.
You barely miss Erica.
Erica is moderately wounded.
You block Erica's attack.
You hit Erica but do no damage.
Erica is moderately wounded.
Erica gestures at you while chanting. The bolt of poison hits you!
You are poisoned.
You take 11 damage, and have 41/110 hp.
You slash Erica!
Erica is heavily wounded.
You feel very sick. Erica barely misses you.
You take 3 damage, and have 38/110 hp.
You feel better.
Erica points at you and mumbles some strange words.
The lance of force hits you!!
* * * LOW HITPOINT WARNING * * *
You are knocked back by the lance of force.
You slam into the rock wall!
You die...

##...........#
#............###
#......<.........#
#.................
##..........##....
##...#..∩...#...#
#.###.......##.#
###.###.....#..#.#
#@#..#####.##.....
#.@#.# #..#.....
#....## ##.#.....
#.....#####.......
##................
#..8.....†.8.....
##...........#.#.
##.........##..#
###...........#


You could see Erica.

Vanquished Creatures
  Psyche (D:8)
  A rime drake (D:8)
  A polar bear (D:8)
  Prince Ribbit (D:8)
  A hornet (D:7)
  A yak (D:8)
  2 steam dragons
  2 water moccasins
  5 ice beasts
  A sky beast (D:6)
  2 ogres
  4 wolves
  A centaur (D:5)
  A phantom (D:5)
  2 kobold brigands
  2 gnoll sergeants
  3 scorpions
  A howler monkey (D:3)
  A jelly (D:6)
  3 orc priests
  3 gnoll boudas
  4 hounds (D:6)
  3 orc wizards (D:5)
  3 iguanas
  A centaur simulacrum (D:8)
  19 gnolls
  9 adders
  An ufetubus (D:6)
  7 worms
  2 dart slugs
  13 orcs
  3 ball pythons
  3 endoplasms
  2 giant cockroaches (D:1)
  7 goblins
  10 hobgoblins
  4 jackals (D:2)
  16 kobolds
  5 quokkas
  4 bats
  2 frilled lizards (D:1)
  2 rats
159 creatures vanquished.

Vanquished Creatures (others)
  A kobold (D:8)
1 creature vanquished.

Grand Total: 160 creatures vanquished

Notes
Turn   | Place    | Note
-------+----------+-------------------------------------------
     0 | D:1      | jasper the Ogre Fighter began the quest for the Orb.
     0 | D:1      | Reached XP level 1. HP: 24/24 MP: 1/1
   202 | D:1      | Reached XP level 2. HP: 32/32 MP: 2/2
   342 | D:1      | Found a faded altar of an unknown god.
   852 | D:2      | Reached XP level 3. HP: 40/40 MP: 3/3
  1163 | D:2      | Found Ciryihoc's General Store.
  1381 | D:2      | Reached XP level 4. HP: 43/49 MP: 4/4
  1774 | D:2      | Bought a scroll of fear for 48 gold pieces
  1999 | D:3      | Reached skill level 5 in Fighting
  1999 | D:3      | Reached XP level 5. HP: 36/57 MP: 5/5
  2888 | D:3      | Identified a scroll of acquirement
  2888 | D:3      | Acquired 742 gold pieces
  2911 | D:2      | Bought a scroll of blinking for 90 gold pieces
  2911 | D:2      | Bought a potion of haste for 120 gold pieces
  2911 | D:2      | Bought a wand of paralysis (6) for 172 gold pieces
  3109 | D:4      | Noticed an ogre
  3225 | D:3      | Reached XP level 6. HP: 50/66 MP: 6/6
  3812 | D:4      | Noticed an orc warrior
  3827 | D:4      | Reached skill level 5 in Axes
  4014 | D:5      | Entered Level 5 of the Dungeon
  4129 | D:5      | Noticed a water moccasin
  4248 | D:5      | Killed a water moccasin
  4249 | D:5      | Reached XP level 7. HP: 32/75 MP: 7/7
  4843 | D:5      | Reached skill level 5 in Shields
  5491 | D:5      | Reached XP level 8. HP: 68/84 MP: 8/8
  6198 | D:6      | Found a blossoming altar of Fedhas.
  6198 | D:6      | Found a glowing golden altar of the Shining One.
  6198 | D:6      | Found a hide-covered altar of Uskayaw.
  6460 | D:6      | Found Xoug's Overcharged Wands.
  6888 | D:6      | Found a staircase to the Ecumenical Temple.
  6905 | Temple   | Entered the Ecumenical Temple
  6907 | Temple   | Found a transporter.
  6907 | Temple   | Found a transporter.
  6909 | Temple   | Found a transporter.
  6909 | Temple   | Found a transporter.
  6923 | Temple   | Became a worshipper of Warmaster Okawaru
  7243 | D:6      | Found a glowing silver altar of Zin.
  7268 | D:6      | Reached XP level 9. HP: 90/96 MP: 9/9
  7293 | D:6      | Found a radiant altar of Vehumet.
  7757 | D:7      | Noticed a hornet
  7771 | D:7      | Killed a hornet
  8709 | D:8      | Noticed Psyche
  8908 | D:8      | Killed Psyche
  8908 | D:8      | Reached * piety under Okawaru
  9082 | D:8      | Reached skill level 1 in Invocations
  9083 | D:8      | Noticed a rime drake
  9091 | D:8      | Killed a rime drake
  9112 | D:8      | Reached ** piety under Okawaru
  9113 | D:8      | Reached XP level 10. HP: 70/107 MP: 10/12
  9612 | D:8      | HP: 4/109 [polar bear (3)]
  9630 | D:8      | Noticed Prince Ribbit
  9635 | D:8      | Found a staircase to the Lair.
  9652 | D:8      | Noticed Erica
 10071 | D:8      | Reached skill level 10 in Axes
 10081 | D:8      | HP: 3/110 [something (3)]
 10081 | D:8      | HP: 1/110 [something (2)]
 10093 | D:8      | Killed Prince Ribbit
 10094 | D:8      | Reached skill level 10 in Fighting
 10191 | D:8      | Collided with a rock wall

Illustrated notes

Levels and vault maps discovered:
D:1:      saegor_arrival_miasma, layout_basic, hellmonk_ecumenical_altar_blasted
D:2:      layout_loops_ring, serial_shops, shop_statue
D:3:      layout_basic
D:4:      layout_rooms, grunt_ministairs_12
D:5:      layout_basic
D:6:      layout_loops_ring, gammafunk_temple_overflow_claw,
          mainiacjoe_overflow_two_lobes, minmay_temple_entry_statues_fountains,
          nicolae_shop_overcharged_wands
D:7:      layout_loops_corners
D:8:      layout_rooms, hellmonk_lair_entry_icy, serial_ice, serial_ice_d,
          serial_ice_a, serial_ice_m, serial_ice_k, serial_ice_o, serial_ice_e,
          serial_ice_c, serial_ice_f, serial_ice_n, serial_ice_h, uniq_erica,
          uniq_psyche, uniq_prince_ribbit1
Temple:   hellmonk_temple_divided_pantheon

Skill      XL: |  1  2  3  4  5  6  7  8  9 10 |
---------------+-------------------------------+-----
Axes           | 3 4 5 6 8 9 10 | 10.2
Fighting       | 5 6 8 9 10 | 10.0
Shields        | 4 5 6 7 |  7.7
Invocations    | 2 3 |  3.0
Throwing       | 2 3 |  3.0
Dodging        | |  2.6

Action                     |  1- 3 |  4- 6 |  7- 9 | 10-12 || total
---------------------------+-------+-------+-------+-------++-------
  Melee: War axe           |    65 |   117 |   258 |    55 ||   495
  Throw: Stone             |     7 |    19 |    37 |    12 ||    75
         Dart              |       |       |     3 |       ||     3
         Boomerang         |       |       |     1 |     1 ||     2
 Invoke: Heroism           |       |       |       |     4 ||     4
  Evoke: Wand              |       |     1 |    13 |    10 ||    24
    Use: Scroll            |     4 |     7 |     4 |     5 ||    20
         Potion            |       |     2 |     4 |    10 ||    16
   Stab: Sleeping          |       |     1 |       |       ||     1
         Paralysed         |       |     1 |     8 |       ||     9
 Armour: Robe              |    31 |    25 |    27 |    14 ||    97
  Dodge: Dodged            |    21 |    44 |    88 |    42 ||   195
  Block: Kite shield       |    21 |    66 |   125 |    47 ||   259

Table legend: (Time is in decaauts)
 A = Elapsed time spent in this place.
 B = Non-inter-level travel time spent in this place.
 C = Inter-level travel time spent in this place.
 D = Time resting spent in this place.
 E = Time spent auto-exploring this place.
 F = Levels seen in this place.
 G = Mean time per level.
                   A        B        C        D        E       F      G
               +--------+--------+--------+--------+--------+-----+--------+
         Total |  10371 |   9757 |    614 |   2479 |   5367 |   9 | 1152.3 |
       Dungeon |  10337 |   9732 |    605 |   2479 |   5364 |   8 | 1292.1 |
        Temple |     34 |     25 |      9 |      0 |      3 |   1 |   34.0 |
               +--------+--------+--------+--------+--------+-----+--------+

Top non-repeatable levels by time:
     D:7: 2012 daAuts
     D:5: 1645 daAuts
     D:3: 1541 daAuts
     D:6: 1532 daAuts
     D:2: 1218 daAuts
     D:4: 894 daAuts
     D:1: 840 daAuts
     D:8: 651 daAuts
  Temple: 34 daAuts
